AoeStats
← alcalyx93

Arabia

509746154Analyzed
1v1 RM · 5d ago on Sep 27, 2026· 24m 52s· 2 players
Game mode
Random Map
Map size
Tiny (2 player)
Population
200
Speed
Normal
Resources
Standard
Victory
Conquest
Starting age
Dark Age
Ending age
Imperial Age
RankedLock teamsTeams togetherTeam positionsShared explorationLock speedFull tech treeHidden civsTurbo modeCheats
Victory
Defeat
🇦🇷 Franks · Argentina
911
+17
🇵🇪 Maya · Peru
942
-17
Guli
0:28 Loom
11:00 Feudal Age
18:20 Horse Collar
23:41 Castle Age
21:47 Double-Bit Axe
24:32 Bow Saw
24:23 Heavy Plow
alcalyx93
10:46 Feudal Age
11:43 Double-Bit Axe
21:45 Castle Age
20:50 Gold Mining
22:14 Stone Mining
22:38 Forging
21:51 Elite Skirmisher
22:30 Fletching
22:47 Husbandry
Connection lost

Rejoining the realm…

Still unreachable

The connection could not be restored.

Session expired

The server has moved on; the page needs a fresh start.